 Dungeon Crawl Stone Soup version 0.25-a0-667-gb977e01cb5 (webtiles) character file.

Game seed: 18434950991239774501, levelgen mode: deterministic

863 DasRunzen the Skirmisher (level 7, -4/56 HPs)
             Began as a Demonspawn Fighter on Mar 27, 2020.
             Was a Follower of Okawaru.
             Slain by an ogre
             ... wielding a +0 giant spiked club
              (16 damage)
             ... on level 5 of the Dungeon.
             The game lasted 00:08:51 (4680 turns).

DasRunzen the Skirmisher (Demonspawn Fighter)       Turns: 4680, Time: 00:08:51

Health: -4/56      AC: 18    Str: 17    XL:     7   Next: 72%
Magic:  9/9        EV:  5    Int: 11    God:    Okawaru [*.....]
Gold:   114        SH:  9    Dex: 12    Spells: 6/6 levels left

rFire    . . .     SeeInvis .   a - +2 trident
rCold    + . .     Gourm    .   c - +0 kite shield
rNeg     . . .     Faith    .   g - +1 chain mail "Jeanoih" {+Fly rElec rCorr}
rPois    .         Spirit   .   (no helmet)
rElec    +         Reflect  .   q - +2 cloak
rCorr    +         Harm     .   r - +1 pair of gloves
MR       .....                  (no boots)
Stlth    ..........             (no amulet)
HPRegen  0.18/turn              (no ring)
MPRegen  0.11/turn              (no ring)

@: no status effects
A: hooves 2, thin metallic scales 1, cold resistance 1
a: Heroism, Renounce Religion, Evoke Flight


You were on level 5 of the Dungeon.
You worshipped Okawaru.
Okawaru was aware of your devotion.
You were near starving.

You visited 2 branches of the dungeon, and saw 7 of its levels.

You collected 285 gold pieces.
You spent 171 gold pieces at shops.

Inventory:

Hand Weapons
 a - a +2 trident (weapon)
Armour
 c - a +0 kite shield (worn)
 g - the +1 chain mail "Jeanoih" (worn) {+Fly rElec rCorr}
   (You bought it in a shop on level 5 of the Dungeon)

   It insulates you from electricity.
   It lets you fly.
   It provides partial protection from all sources of acid and corrosion.
 q - a +2 cloak (worn)
 r - a +1 pair of gloves (worn)
Jewellery
 t - an uncursed ring of fire
Wands
 n - a wand of disintegration (22)
Scrolls
 b - a scroll of teleportation
 e - 5 scrolls of remove curse
Potions
 d - 2 potions of might
 h - a potion of magic
 i - 3 potions of haste
 j - 2 potions of lignification
 k - a potion of stabbing {unknown}
 l - 3 potions of cancellation {unknown}
 m - a potion of flight {unknown}
 o - a potion of mutation {unknown}
 s - a potion of invisibility {unknown}
Comestibles
 f - 16 rations


   Skills:
 + Level 5.2 Fighting
 + Level 4.1 Polearms
 + Level 4.6 Armour
 + Level 4.6 Shields
 + Level 2.7 Invocations


You had 6 spell levels left.
You didn't know any spells.
Your spell library was empty.

Dungeon Overview and Level Annotations

Branches:
Dungeon (6/15)             Temple (1/1) D:4

Altars:
Dithmenos
Elyvilon
Fedhas
Gozag
Hepliaklqana
Nemelex Xobeh
Okawaru
Qazlal
Ru
Sif Muna
Vehumet
Wu Jian
Xom
Yredelemnul

Shops:
D:5 *[[


Innate Abilities, Weirdness & Mutations

You have hoof-like feet.
You are partially covered in thin metallic scales. (AC +2)
Your flesh is cold resistant. (rC+)


Message History

Okawaru accepts your kill.
An ogre and a skeleton come into view.
The ogre moves out of view.
The adder skeleton bites you but does no damage.
There is a stone staircase leading up, spattered with blood here.
You puncture the adder skeleton! You kick the adder skeleton.
The adder skeleton is almost destroyed.
The adder skeleton bites you but does no damage.
You block the ogre's attack.
The adder skeleton bites you but does no damage.
You climb upwards.
There is a stone staircase leading down, spattered with blood here.
You hit the ogre.
The ogre is lightly wounded.
The ogre hits you with a +0 giant spiked club!
* * * LOW HITPOINT WARNING * * *
You hit the ogre. Your kick misses the ogre.
The ogre is moderately wounded.
The ogre hits you with a +0 giant spiked club!
You die...

#..##.# ##.###........###.#
#.....#########.#.##.####>.##
##. #..............###...#
#.## ##
#..∩.##########.#.#### #..##
##. #.##.# ##.## ##..###.#
#.##.# #.# #.#.#... #.##.#
#.# #.##..## #.##.#
#[#########.....# #.##.#
#@O.........##### #.#..#
############# #.#.## #.#.#
#.#.# #...# #####


You could see an ogre.

Vanquished Creatures
  Edmund (D:5)
  A phantom (D:5)
  An ogre (D:4)
  A centaur (D:5)
  A wyvern zombie (D:6)
  A howler monkey (D:3)
  A crimson imp (D:5)
  2 orc priests (D:4)
  A centaur skeleton (D:2)
  An iguana (D:5)
  2 worker ants
  2 hound skeletons
  7 adders
  3 worms
  A dart slug (D:1)
  4 leopard geckos
  7 orcs
  A ball python (D:4)
  6 bats
  5 giant cockroaches
  9 goblins
  15 hobgoblins
  8 jackals
  9 kobolds
  2 quokkas
  8 frilled lizards
  A jackal skeleton (D:5)
  A leopard gecko skeleton (D:4)
  A quokka skeleton (D:4)
  13 rats
116 creatures vanquished.

Notes
Turn   | Place    | Note
-------+----------+-------------------------------------------
     0 | D:1      | DasRunzen the Demonspawn Fighter began the quest for the
                  | Orb.
     0 | D:1      | Reached XP level 1. HP: 18/18 MP: 1/1
   113 | D:1      | Gained mutation: You are partially covered in thin metallic
                  | scales. (AC +2) [demonic ancestry]
   113 | D:1      | Reached XP level 2. HP: 21/24 MP: 2/2
   373 | D:1      | Gained mutation: You have large cloven feet. [demonic
                  | ancestry]
   373 | D:1      | Reached XP level 3. HP: 29/29 MP: 3/3
  1094 | D:2      | Reached XP level 4. HP: 28/36 MP: 4/4
  1887 | D:3      | Reached XP level 5. HP: 33/42 MP: 5/5
  2049 | D:3      | Found a sparkling altar of Nemelex Xobeh.
  2493 | D:4      | Reached skill level 4 in Fighting
  2867 | D:4      | Noticed an ogre
  2874 | D:4      | Killed an ogre
  2874 | D:4      | Gained mutation: You have hoof-like feet. [demonic
                  | ancestry]
  2874 | D:4      | Reached XP level 6. HP: 49/49 MP: 6/6
  3559 | D:4      | Found a staircase to the Ecumenical Temple.
  3627 | Temple   | Entered the Ecumenical Temple
  3659 | Temple   | Became a worshipper of Warmaster Okawaru
  3795 | D:5      | Entered Level 5 of the Dungeon
  3795 | D:5      | Found Durumpat's Antique Armour Shop.
  3798 | D:5      | Found Zothroat's Antique Armour Shop.
  3808 | D:5      | Bought an encrusted chain mail for 171 gold pieces
  3833 | D:5      | Identified the +1 chain mail "Jeanoih" {+Fly rElec rCorr}
                  | (You bought it in a shop on level 5 of the Dungeon)
  3918 | D:5      | Found a shimmering altar of Xom.
  4168 | D:5      | Reached skill level 1 in Invocations
  4168 | D:5      | Gained mutation: Your flesh is cold resistant. (rC+)
                  | [demonic ancestry]
  4168 | D:5      | Reached XP level 7. HP: 55/55 MP: 7/7
  4176 | D:5      | Found Wuosoips's Assorted Antiques.
  4469 | D:6      | Noticed Edmund
  4504 | D:5      | Killed Edmund
  4504 | D:5      | Reached * piety under Okawaru
  4504 | D:5      | Reached skill level 5 in Fighting
  4680 | D:5      | Slain by an ogre

Levels and vault maps discovered:
D:1:      heliophobic_arrival_henge, layout_basic
D:2:      cheibrodos_helix_gallery, layout_basic
D:3:      layout_loops_ring, nicolae_overflow_hidden_temple
D:4:      layout_gridville, minmay_temple_entry_proselytizer,
          serial_bayou_lake_a
D:5:      layout_loops_ring, nicolae_overflow_crystal_walls, serial_shops, shop,
          nicolae_shop_statue_plus, shop, first_ration
D:6:      layout_basic, chequers_temple_overflow_minitemple, slow_altar_1,
          uniq_edmund
Temple:   minmay_temple_bridge_abc

Skill      XL: |  1  2  3  4  5  6  7 |
---------------+----------------------+-----
Polearms       | 2 3 4 |  4.1
Armour         | 3 4 |  4.6
Shields        | 3 4 |  4.6
Fighting       | 4 5 |  5.2
Invocations    | 1 2 |  2.7

Action                   |  1- 3 |  4- 6 |  7- 9 || total
-------------------------+-------+-------+-------++-------
Melee: Trident           |    96 |   229 |    68 ||   393
       Kick              |     8 |    45 |    22 ||    75
  Use: Scroll            |     6 |     6 |       ||    12
  Eat: Chunk             |       |    11 |       ||    11
Armor: Scale mail        |    40 |    88 |       ||   128
       Chain mail        |       |     5 |    40 ||    45
Dodge: Dodged            |    17 |    66 |     9 ||    92
Block: Kite shield       |    34 |   110 |    27 ||   171

Table legend:
 A = Non-vault XP
 B = Vault XP
 C = Vault XP percentage of total XP
 D = Non-vault monster count
 E = Vault monster count
 F = Vault count percentage of total count
                 A         B        C        D         E       F
            +---------+---------+-------+---------+---------+-------
      Total |    1032 |     201 |  16.3 |     112 |       4 |   3.4
            +---------+---------+-------+---------+---------+-------
        D:1 |      52 |       0 |   0.0 |      29 |       0 |   0.0
        D:2 |      98 |       3 |   3.0 |      19 |       2 |   9.5
        D:3 |     167 |       0 |   0.0 |      38 |       0 |   0.0
        D:4 |     253 |      41 |  13.9 |      17 |       1 |   5.6
        D:5 |     358 |     157 |  30.5 |       7 |       1 |  12.5
        D:6 |     104 |       0 |   0.0 |       2 |       0 |   0.0
            +---------+---------+-------+---------+---------+-------
